[Event "*** Titled Tuesday Blitz"]
[Site "Chess.com"]
[Date "2019.11.05"]
[Round "3"]
[White "Aygehovit1992"]
[Black "LuisFSiles"]
[Result "1-0"]
[WhiteElo "2592"]
[BlackElo "2310"]
[TimeControl "180+2"]
[EndTime "13:39:10 PST"]
[Termination "Aygehovit1992 won by resignation"]

1. e4 e5 2. Bc4 Nf6 3. d3 Nc6 4. Nc3 Bc5 5. Be3 d6 6. Nge2 O-O 7. Qd2 Bxe3 8. fxe3 Na5 9. Bb3 Nxb3 10. axb3 Ng4 11. O-O f5 12. exf5 Qg5 13. Nd5 c6 14. h3 cxd5 15.
hxg4 d4 16. Rf3 dxe3 17. Qxe3 Qxg4 18. Rxa7 Rxa7 19. Qxa7 Rxf5 20. Rxf5 Bxf5 21. Qb8+ Bc8 22. Kf2 h6 23. Qxd6 Qf5+ 24. Ke1 Qg5 25. Qb8 Qg4 26. Qxe5 Bf5 27. g3 Kh7 28. Qf4 Qh3 29. Nd4 Bg4 30. Kd2 Qg2+ 31. Kc3 h5 32. b4 b6 33. b5 Qd5 34. b4 Qd7 35. Qe5 Qa7 36. Qd6 Qa1+ 37.
Kd2 Qd1+ 38. Ke3 Qe1+ 39. Kf4 g5+ 40. Kxg5 Qe3+ 41. Kh4 Qf2 42. Qe7+ Kg6 43. Qe4+ Kg7 44. Qf4 Qe1 45. Nf5+ Kg6 46. Qg5+ Kf7 47. Qg7+ Ke6 48.
Qe7+ 1-0

[Event "*** Titled Tuesday Blitz"]
[Site "Chess.com"]
[Date "2019.11.05"]
[Round "3"]
[White "Pultis"]
[Black "Denis_Makhnyov"]
[Result "1-0"]
[WhiteElo "2717"]
[BlackElo "2911"]
[TimeControl "180+2"]
[EndTime "13:39:15 PST"]
[Termination "Pultis won by checkmate"]

1. Nf3 d5 2. g3 Bg4 3. Bg2 Nd7 4. O-O c6 5. d3 Ngf6 6. c4 Bxf3 7.
Bxf3 dxc4 8. dxc4 Ne5 9. Qb3 Nxf3+ 10. exf3 Qc8 11. f4 e6 12. f5 Bc5 13. fxe6 Qxe6 14. Nc3 O-O 15. Kg2 Bd4 16. Bd2 c5 17. Qa4 h5 18.
Rae1 Qf5 19. h3 Rfe8 20. Qd1 Qd3 21. Bg5 Qxc4 22. Bxf6 Bxf6 23. Nd5 Qd4 24. Qxh5 Qxb2 25.
Rb1 Qd4 26. Rxb7 Rf8 27. Re1 Rad8 28. Rd1 Qe4+ 29. Kg1 Qe5 30. Ne7+ Qxe7 31. Rxe7 Rxd1+ 32. Qxd1 Bxe7 33. Qd7 Bf6 34. Qxa7 c4 35. Qc5 c3 36. g4 g6 37. a4 Rd8 38. a5 Rd2 39. a6 c2 40. a7 Rd1+ 41. Kg2 c1=Q 42. a8=Q+ Kg7 43. Qcf8+ Kh7 44. Qxf7+ Kh6 45. Qxf6 Rg1+ 46.
Kh2 Qc7+ 47. Kxg1 Qc1+ 48. Kg2 Qh1+ 49. Kxh1 Kh7 50. Qah8# 1-0

[Event "*** Titled Tuesday Blitz"]
[Site "Chess.com"]
[Date "2019.11.05"]
[Round "3"]
[White "nailbeshirli"]
[Black "BlueWizzard"]
[Result "1-0"]
[WhiteElo "2651"]
[BlackElo "2843"]
[TimeControl "180+2"]
[EndTime "13:39:15 PST"]
[Termination "nailbeshirli won by resignation"]

1. e4 c6 2. Nc3 d5 3. d4 h6 4. Nf3 Bg4 5. h3 Bxf3 6. Qxf3 e6 7.
Bd3 Nf6 8. Be3 dxe4 9. Nxe4 Nd5 10. O-O Nd7 11. a3 Be7 12. c4 N5f6 13. Qg3 Nxe4 14. Bxe4 Nf6 15. Bf3 g5 16. Be2 Bd6 17. Qf3 Qe7 18.
Rfe1 Rg8 19. d5 c5 20. dxe6 fxe6 21. Rad1 g4 22. hxg4 Nxg4 23. Qe4 Nf6 24. Qh4 O-O-O 25. Bf3 Qf7 26. b4 cxb4 27. axb4 Nd5 28. cxd5 Qxf3 29. Rc1+ Kb8 30. Bxa7+ Kxa7 31. Ra1+ Kb8 32. Qxd8+ Rxd8 33.
gxf3 e5 34. Re4 h5 35. Kf1 Rc8 36. Rh4 Rf8 37. Ke2 Rc8 38. Ra2 Rc3 39. Rb2 Ka7 40. Rxh5 Rc4 41. Ra2+ Kb8 42. b5 Kc7 43. Rh7+ Kb6 44.
Rh6 Kc5 45. Ra7 Rc2+ 46. Kf1 Kxd5 47. Rxb7 Bc5 48. Rd7+ Kc4 49. b6 Rxf2+ 50. Ke1 Rb2 51. b7 Rb1+ 52. Ke2 Rb2+ 53. Kd1 Bd4 54. Rh8 Rb1+ 55. Kc2 Rb2+ 56. Kc1 Kc3 57. Rc8+ 1-0

[Event "*** Titled Tuesday Blitz"]
[Site "Chess.com"]
[Date "2019.11.05"]
[Round "3"]
[White "nitpicker"]
[Black "bilelou"]
[Result "1-0"]
[WhiteElo "2305"]
[BlackElo "2535"]
[TimeControl "180+2"]
[EndTime "13:39:16 PST"]
[Termination "nitpicker won by checkmate"]

1. d4 e6 2. c4 Nf6 3. g3 d5 4.
Nf3 dxc4 5. Bg2 Bd7 6. Ne5 Bc6 7. Nxc6 Nxc6 8. e3 Qd7 9. O-O Rd8 10. Qe2 e5 11. Bxc6 Qxc6 12. dxe5 Nd7 13. f4 b5 14. b3 Nb6 15. Na3 Rd3 16. bxc4 bxc4 17. Nc2 Bc5 18. Bb2 Qe4 19. Rfe1 O-O 20. Bd4 Na4 21. Rac1 Nc3 22. Qg2 Qxg2+ 23. Kxg2 Rd2+ 24. Kf3 Bxd4 25. Nxd4 Rd3 26. Rc2 c5 27. Nf5 g6 28.
Nd6 Rb8 29. Nxc4 Kg7 30. Rec1 Nd5 31. Ke4 Nb4 32. Rb2 Rbd8 33. Nd6 Ra3 34. Rxc5 Ra4 35. Rc4 a5 36. g4 Ra3 37. f5 h5 38. gxh5 gxh5 39.
Rg2+ Kf8 40. f6 Nxa2 41. Rg7 Nc3+ 42. Kf5 Nd5 43. Rxf7+ Kg8 44. Rg7+ Kf8 45. Ke6 Nxf6 46. Kxf6 Rxe3 47. Rf7+ Kg8 48. Rcc7 Rf3+ 49. Nf5 a4 50. e6 a3 51. Rg7+ Kh8 52. Rh7+ Kg8 53. Rcg7+ Kf8 54. Rh8# 1-0

[Event "*** Titled Tuesday Blitz"]
[Site "Chess.com"]
[Date "2019.11.05"]
[Round "3"]
[White "vlad10898"]
[Black "Zaven_ChessMood"]
[Result "1-0"]
[WhiteElo "2649"]
[BlackElo "2849"]
[TimeControl "180+2"]
[EndTime "13:39:17 PST"]
[Termination "vlad10898 won by resignation"]

1. e4 c5 2. Nf3 d6 3. d4 cxd4 4. Nxd4 Nf6 5. Nc3 a6 6. Bg5 Nbd7 7. Qe2 Qc7 8. f4 h6 9. Bxf6 Nxf6 10. e5 dxe5 11. fxe5 Bg4 12. Qe3 Nd7 13. e6 fxe6 14. Nxe6 Bxe6 15. Qxe6 Qe5+ 16. Qxe5 Nxe5 17. O-O-O e6 18.
Re1 Bd6 19. Ne4 Ke7 20. Nxd6 Kxd6 21. Be2 Rac8 22. Rd1+ Ke7 23. Rhe1 Rc5 24. b4 Rc7 25. Bxa6 Rhc8 26. Rd2 Ng4 27. Be2 Ne3 28. Bd3 Nd5 29.
a3 Nc3 30. Bf5 Rc6 31. Bg4 Ra8 32. Kb2 Na4+ 33. Kc1 Nc3 34. Kb2 Na4+ 35. Kc1 Nb6 36. Rde2 Kf6 37. Rxe6+ Kg5 38. Rxc6 bxc6 39. Bf3 Rxa3 40.
Bxc6 Nc4 41. Kd1 Rc3 42. Be4 Kf4 43. Bd3 Nd6 44. Kd2 Ra3 45. Re6 Nf5 46. Bxf5 Kxf5 47.
Rc6 Ra2 48. b5 Rb2 49. Rc5+ Ke4 50. Kc3 Rb1 51. Kc4 Rb2 52. c3 Rxg2 53. b6 Rb2 54. Rb5 1-0

[Event "*** Titled Tuesday Blitz"]
[Site "Chess.com"]
[Date "2019.11.05"]
[Round "3"]
[White "Bagirova"]
[Black "gross-aleks"]
[Result "0-1"]
[WhiteElo "2107"]
[BlackElo "2544"]
[TimeControl "180+2"]
[EndTime "13:39:21 PST"]
[Termination "gross-aleks won by resignation"]

1. e4 c6 2. Nf3 d5 3. Nc3 Nf6 4. e5 Ne4 5. d4 Nxc3 6. bxc3 Bg4 7. Be2 e6 8. O-O Be7 9. a4 c5 10. a5 Nc6 11. a6 b6 12. Bb5 Qc7 13. c4 O-O-O 14.
cxd5 Rxd5 15. Be3 cxd4 16. Bxc6 Qxc6 17. Bxd4 Rhd8 18. c3 R5d7 19. Qe2 Bxf3 20. gxf3 Kb8 21. Rab1 Ka8 22. Rb2 g6 23. Rfb1 Bc5 24. Bxc5 Qxc5 25. Qe4+ Qd5 26. Qe3 Qd3 27. Qf4 Qxa6 28. Qe4+ Qb7 29.
Qe3 Rd3 30. Qg5 Qxf3 31. Re1 R8d7 32. c4 Rd1 33. Rb1 Rxb1 34. Rxb1 Kb7 35. c5 Rd1+ 36.
Rxd1 Qxd1+ 37. Kg2 Qd5+ 38. Kg3 Qxc5 39. Qf6 Qc7 40.
Qf3+ Kb8 41. Qf6 h5 42. Kh4 a5 43. Kg5 a4 44. Kh6 a3 45. Qh8+ Kb7 46. Qf8 Qc1+ 47.
Kg7 a2 48. Qxf7+ Qc7 49. Qxc7+ Kxc7 50. Kxg6 a1=Q 51. Kxh5 Qxe5+ 52. Kg6 Qf5+ 0-1

[Event "*** Titled Tuesday Blitz"]
[Site "Chess.com"]
[Date "2019.11.05"]
[Round "3"]
[White "sandropozo"]
[Black "dimke2802"]
[Result "1/2-1/2"]
[WhiteElo "2635"]
[BlackElo "2438"]
[TimeControl "180+2"]
[EndTime "13:39:24 PST"]
[Termination "Game drawn by agreement"]

1. d4 Nf6 2. Nf3 g6 3. g3 Bg7 4. Bg2 O-O 5. O-O d6 6. c4 c6 7.
Nc3 Bf5 8. Ne1 Be6 9. b3 d5 10. Nd3 dxc4 11. Nf4 Qc8 12. Nxe6 Qxe6 13. e4 Rd8 14.
Be3 cxb3 15. Qxb3 Qxb3 16. axb3 Na6 17. h3 Ne8 18. e5 Nec7 19. f4 e6 20. Ne4 Nb5 21.
Rfd1 Nac7 22. g4 Nd5 23. Kf2 Bf8 24. Bf1 Nbc3 25. Nxc3 Nxc3 26. Rdc1 Nd5 27. Bc4 a6 28. Rd1 Rac8 29. f5 Nxe3 30. Kxe3 b5 31. Be2 c5 32.
dxc5 Bxc5+ 33. Ke4 exf5+ 34. gxf5 gxf5+ 35. Kxf5 Rxd1 36.
Rxd1 Rc6 37. Rd7 Bb6 38. Bh5 Rc7 39. Bxf7+ Kf8 40. Rxc7 Bxc7 41. Bd5 Ke7 42. Bb7 a5 43. Bc6 b4 44. Bd5 h6 45. Bc4 Bb6 46. e6 Bc7 47. Ke4 Kd6 48. Kf5 Ke7 49. h4 Bb8 50. h5 Bc7 51. Ke4 Kd6 52. Kf5 Ke7 53. Bd3 Bb8 54. Bb5 Bc7 55. Bc4 Bb8 56. Kg6 Bf4 57. Kf5 Bb8 58.
Bd5 Bc7 59. Bc6 Bb8 60. Ba4 Bc7 61. Bd7 Bb8 62. Ke4 Kd6 63. Kd4 Bc7 64. Kc4 Bd8 65.
Kb5 Bf6 66. Kxa5 Bc3 67. Kb5 Ke7 68. Kc6 Be1 69. Bc8 Bc3 70. Kd5 Be1 71. Ke5 Bc3+ 72.
Kf5 Be1 73. Bd7 Bd2 74. Bb5 Be1 75. Bc4 Bc3 1/2-1/2

[Event "*** Titled Tuesday Blitz"]
[Site "Chess.com"]
[Date "2019.11.05"]
[Round "3"]
[White "GelmanAlexander"]
[Black "MikaelyanArman"]
[Result "0-1"]
[WhiteElo "2490"]
[BlackElo "2742"]
[TimeControl "180+2"]
[EndTime "13:39:26 PST"]
[Termination "MikaelyanArman won by resignation"]

1. e4 c5 2. b4 cxb4 3. a3 bxa3 4. d4 d6 5. Bd3 g6 6. f4 Bg7 7. c3 Nf6 8. Nf3 O-O 9. O-O Bg4 10. Nbd2 Qc7 11.
Rxa3 Nbd7 12. h3 Bxf3 13. Nxf3 e5 14. Qe1 Rfe8 15. fxe5 dxe5 16. Qh4 Nh5 17. Ng5 exd4 18. Rxf7 dxc3 19. e5 Qc5+ 20. Kh1 Nxe5 21. Rxg7+ Kxg7 22. Bc2 Qc4 23. Ne4 Qf1+ 24. Kh2 Qxc1 25. Rxc3 Qf4+ 26.
Qxf4 Nxf4 27. Rc7+ Nf7 28. Nd6 Rf8 29. Bb3 Kf6 30.
Nxf7 Ne6 31. Bxe6 Kxe6 32. Ng5+ Kd6 33. Rxb7 h6 34. Ne4+ Kc6 35. Rg7 Kd5 36. Nd2 Rf6 37. Rd7+ Kc6 38. Rh7 a5 39. Ne4 Re6 40. Nc3 g5 41.
Rf7 a4 42. Rf2 a3 43. Rc2 Kd7 44. Nd5 Rd6 45. Nb4 Rd4 46. Nc6 Rd1 47. Ne5+ Ke6 48. Nf3 a2 0-1

[Event "*** Titled Tuesday Blitz"]
[Site "Chess.com"]
[Date "2019.11.05"]
[Round "3"]
[White "Siemba"]
[Black "shnitez"]
[Result "0-1"]
[WhiteElo "2221"]
[BlackElo "2512"]
[TimeControl "180+2"]
[EndTime "13:39:26 PST"]
[Termination "shnitez won by resignation"]

1. e4 e5 2. Nf3 Nc6 3. d4 exd4 4. Nxd4 Bc5 5. Nxc6 Qf6 6. Qf3 dxc6 7. Nc3 Bd4 8.
Bd2 Be6 9. O-O-O O-O-O 10. Qg3 Bxf2 11. Qf3 Qxf3 12. gxf3 Bh4 13. Bd3 Ne7 14. Rhg1 g6 15. e5 Nf5 16. Ne4 Rhe8 17. f4 b6 18. b3 Kb7 19. Kb2 a5 20. a4 Rd7 21. Rdf1 Red8 22.
Bc3 Be7 23. Re1 Nd4 24. Bxd4 Rxd4 25. Rg3 Bh4 26. Rh1 Bxg3 27. hxg3 Bd5 28. Re1 Bxe4 29. Bxe4 Rd2 30. Rh1 h5 31. Kc3 Re2 32. Bd3 Rg2 33. Rh3 Rg1 34. e6 Rxd3+ 35. Kxd3 fxe6 36. Ke4 Re1+ 37. Kd4 Re2 38. Kd3 Rg2 39. c3 Rb2 40. Kc4 b5+ 41. axb5 cxb5+ 42. Kxb5 Rxb3+ 43. Kxa5 Rxc3 44. Kb4 Rf3 45. Kc4 Kc6 46. Kd4 Kd6 47. Ke4 Ra3 48.
Kd4 c5+ 49. Kc4 Kc6 50. Rh1 Rxg3 51. Re1 Kd6 52. Rd1+ Ke7 53. Kxc5 Rf3 54. Rd4 Rc3+ 55. Kb4 Rc1 56. Re4 Kf6 57. Re5 Rf1 0-1

[Event "*** Titled Tuesday Blitz"]
[Site "Chess.com"]
[Date "2019.11.05"]
[Round "3"]
[White "CarlssonLudvig"]
[Black "MikeSailer"]
[Result "1-0"]
[WhiteElo "2485"]
[BlackElo "2201"]
[TimeControl "180+2"]
[EndTime "13:39:31 PST"]
[Termination "CarlssonLudvig won by resignation"]

1. d4 d5 2. c4 Bf5 3. cxd5 Bxb1 4. Qa4+ c6 5. Rxb1 Qxd5 6. Nf3 Nf6 7. e3 e6 8. Be2 b5 9. Qb3 Qxb3 10. axb3 Bb4+ 11. Bd2 Bxd2+ 12. Nxd2 Na6 13. Nf3 Nb4 14. Ne5 Nd7 15.
Nf3 Ke7 16. Kd2 Nf6 17. Bd3 Nxd3 18. Kxd3 Nd5 19. Rhc1 Nb4+ 20. Ke2 f6 21. Nd2 Rhc8 22. Ne4 a5 23. Nc5 Na6 24. Nd3 Nb4 25. Nxb4 axb4 26. Ra1 Kd6 27. Kd2 e5 28. dxe5+ fxe5 29. e4 g5 30. h3 h5 31. Ke3 Rf8 32. Rd1+ Kc5 33. Rac1+ Kb6 34. Rd6 Rfc8 35. Re6 Ra2 36. Rc2 g4 37. h4 Ra1 38. Rxe5 Re1+ 39. Re2 Rg1 40.
g3 Rf8 41. Rxh5 Rf3+ 42. Kd4 Rd1+ 43. Ke5 Rxb3 44. Kf6 Rf3+ 45. Ke7 c5 46. e5 c4 47. e6 c3 48. Ke8 Rd2 49. Rxd2 cxd2 50. Rd5 Rxf2 51. e7 Kc6 52. Rd3 Kc5 53. b3 Re2 54. h5 Re3 55. Rxd2 Rxb3 56. Kf8 Rf3+ 57. Kg7 Re3 58. Kf7 Rf3+ 59. Ke8 Rxg3 60. h6 Rh3 61. Kf7 Rf3+ 62. Kg7 Re3 63. Rd7 b3 64. Kf7 b2 65. Rd1 Kc4 66. e8=Q Rxe8 67. Kxe8 Kc3 68. h7 Kc2 69. Rg1 b1=Q 70. Rxb1 Kxb1 71. h8=Q 1-0

[Event "*** Titled Tuesday Blitz"]
[Site "Chess.com"]
[Date "2019.11.05"]
[Round "3"]
[White "Torrentec"]
[Black "HrvojeZagreb"]
[Result "1-0"]
[WhiteElo "2358"]
[BlackElo "2160"]
[TimeControl "180+2"]
[EndTime "13:39:33 PST"]
[Termination "Torrentec won by resignation"]

1. e4 e6 2. d4 d5 3. e5 c5 4. c3 Nc6 5. Nf3 Bd7 6. Bb5 Nxe5 7. Bxd7+ Nxd7 8. O-O Ngf6 9. Re1 Bd6 10. Bg5 O-O 11.
Bh4 Qc7 12. Bg3 Rfe8 13. Nbd2 Bxg3 14. hxg3 cxd4 15. Nxd4 Qb6 16. Qc2 Rac8 17. N2f3 Ne4 18. Re2 Rc7 19. Rae1 Rec8 20. Qc1 Ndc5 21. Qe3 Nd7 22.
Ng5 Nxg5 23. Qxg5 Nf8 24. Nf3 Qd6 25. Qh5 b5 26. Ng5 a5 27. g4 b4 28. cxb4 axb4 29. Re3 Re7 30. Rh3 h6 31. Nf3 Qf4 32. g5 Ng6 33.
gxh6 gxh6 34. Rg3 Kf8 35. Rg4 Qf6 36. Qxh6+ Qg7 37. Qd2 Rc4 38. Rxc4 dxc4 39. Qxb4 Nf4 40. g3 Nd3 41. Qb8+ Re8 42. Qd6+ Kg8 43. Re4 f5 44.
Rxe6 Rxe6 45. Qxe6+ Qf7 46. Qc8+ Kg7 47. Ng5 Qd5 48. Ne6+ Kf6 49. Nf4 Qf3 50. Qh8+ Kf7 51. Qd4 Ne1 52. Qxc4+ Kg7 53. Qc3+ Kh6 54. Qxe1 Qc6 55.
Qe3 Kg7 56. Nd3 f4 57. Qe5+ Kf8 58. Nxf4 Qc1+ 59. Kg2 Qc6+ 60. Kh3 1-0

[Event "*** Titled Tuesday Blitz"]
[Site "Chess.com"]
[Date "2019.11.05"]
[Round "3"]
[White "Galileo22"]
[Black "13MiRacLe"]
[Result "1/2-1/2"]
[WhiteElo "2421"]
[BlackElo "2609"]
[TimeControl "180+2"]
[EndTime "13:39:35 PST"]
[Termination "Game drawn - insufficient material"]

1. Nf3 Nf6 2. d4 g6 3. e3 Bg7 4. Be2 O-O 5. O-O d5 6. b4 a5 7. b5 c5 8. bxc6 bxc6 9. Ba3 Re8 10. Nbd2 Ba6 11. c4 Nbd7 12. cxd5 Bxe2 13. Qxe2 cxd5 14. Rab1 e5 15. dxe5 Ng4 16. Qb5 Ndxe5 17. h3 Nf6 18. Rfd1 Nxf3+ 19. Nxf3 Rb8 20. Qa6 Rxb1 21. Rxb1 Ne4 22.
Qa7 Qa8 23. Qd7 Qc8 24. Rb7 Qxd7 25. Rxd7 Nc3 26. Ng5 f6 27. Nf3 Nxa2 28. Rxd5 Nc3 29. Rxa5 h6 30. Bc5 f5 31. Ra7 Rc8 32. Bd6 Nb5 33. Rd7 Rc1+ 34. Kh2 Rd1 35. Rd8+ Kf7 36. Bc7 Rxd8 37. Bxd8 Nd6 38. Ba5 Ne4 39. Be1 Ke6 40.
Kg1 g5 41. Kf1 g4 42. hxg4 fxg4 43. Nd2 Nd6 44. f3 h5 45. Ke2 Nf5 46. Ne4 Bh6 47. Bf2 Ke5 48. Ng3 Bxe3 49. Nxh5 Bxf2 50. Kxf2 gxf3 51.
Kxf3 Nh4+ 52. Kg3 Nxg2 1/2-1/2

[Event "*** Titled Tuesday Blitz"]
[Site "Chess.com"]
[Date "2019.11.05"]
[Round "3"]
[White "crazy_machine"]
[Black "SCIM"]
[Result "0-1"]
[WhiteElo "2648"]
[BlackElo "2470"]
[TimeControl "180+2"]
[EndTime "13:39:36 PST"]
[Termination "SCIM won by resignation"]

1. d4 Nf6 2. c4 g6 3. g3 c6 4.
Bg2 d5 5. Nf3 Bg7 6. O-O O-O 7.
Qb3 Qb6 8. c5 Qxb3 9. axb3 Na6 10.
Ne5 Nd7 11. Nf3 e5 12. e3 exd4 13. exd4 Nb4 14. Bf4 Re8 15. Nc3 Nd3 16. Bd6 Nxb2 17. Rfe1 Nf6 18. Ne5 Bf5 19. Bf1 Ne4 20. Nb1 f6 21.
Nf3 Nxd6 22. Rxe8+ Nxe8 23. Ne1 a5 24. Nc3 a4 25. bxa4 Nc7 26. a5 Nc4 27. Bxc4 dxc4 28. Ng2 g5 29. Ne3 Be6 30. Rb1 Ra7 31. Ne4 Nb5 32.
Nd6 Nxd6 33. cxd6 Kf8 34. a6 bxa6 35. Rb8+ Kf7 36. Rb6 Rd7 37. Rxc6 Bf8 38. d5 Bh3 39. Nxc4 a5 40. Ra6 Rb7 41. f3 Rb4 42. Nxa5 Rb2 43. Nc4 Rg2+ 44. Kh1 Rc2 45. Ra7+ Kg6 46. Ra1 Rxc4 47.
Kg1 Bxd6 48. Kf2 Bc5+ 49. Ke2 Bf5 50. g4 Rc2+ 51. Kf1 Bd3+ 52. Ke1 Re2+ 53. Kd1 Rxh2 54.
Ra8 Be2+ 55. Kd2 Bxf3+ 56. Kd3 Bxd5 57. Ra5 Rh3+ 58. Ke2 Bc4+ 59. Ke1 Bb4+ 60. Kf2 Bxa5 61. Kg2 Rd3 62. Kf2 Kf7 63. Kg2 Ke7 64. Kf2 Kd7 0-1

[Event "*** Titled Tuesday Blitz"]
[Site "Chess.com"]
[Date "2019.11.05"]
[Round "3"]
[White "amiralfio"]
[Black "Donseng"]
[Result "1-0"]
[WhiteElo "2440"]
[BlackElo "2612"]
[TimeControl "180+2"]
[EndTime "13:39:37 PST"]
[Termination "amiralfio won on time"]

1. e4 c5 2. Nf3 Nc6 3. d4 cxd4 4.
Nxd4 Nf6 5. Nc3 d6 6. Be2 e5 7. Nxc6 bxc6 8. O-O Be7 9. f4 exf4 10. Bxf4 O-O 11. Kh1 Nd7 12. Bxd6 Nb6 13. e5 Be6 14. Bf3 Rc8 15. b3 Nd5 16. Nxd5 cxd5 17. Bxd5 Bxd5 18.
Qxd5 Rxc2 19. a4 Qd7 20. Rad1 Rb2 21. h3 h6 22. Rxf7 Rxf7 23. e6 Rf1+ 24. Rxf1 Qxd6 25. Qa8+ Bf8 26. Qxa7 Qxe6 27. Qb8 Qd6 28. Qb7 Qb4 29.
Qd5+ Kh8 30. Qf5 Kg8 31. Qf7+ Kh7 32. Qf5+ g6 33. Qxf8 Qxf8 34. Rxf8 Rxb3 35. Ra8 h5 36. Kg1 Rb2 37. h4 Rb4 38. g3 Rb2 39. a5 Ra2 40. Kf1 Kg7 41. a6 Kf6 42. Ke1 Kf5 43. a7 Kg4 44. Rg8 Rxa7 45. Rxg6+ Kf3 46. Kd2 Rd7+ 47. Kc3 Ra7 48. Kd4 Ra4+ 49. Ke5 Rg4 50. Rxg4 Kxg4 51. Kf6 Kxg3 52. Kg5 1-0

[Event "*** Titled Tuesday Blitz"]
[Site "Chess.com"]
[Date "2019.11.05"]
[Round "3"]
[White "Firouzja2003"]
[Black "jlucasvf"]
[Result "1-0"]
[WhiteElo "3074"]
[BlackElo "2795"]
[TimeControl "180+2"]
[EndTime "13:39:39 PST"]
[Termination "Firouzja2003 won by resignation"]

1. e4 b5 2. Bxb5 Bb7 3. Nc3 f5 4. d3 Nf6 5. Qe2 fxe4 6. dxe4 e5 7. Nf3 Bb4 8. Nxe5 Qe7 9. Nd3 Bxc3+ 10. bxc3 Qxe4 11. f3 Qxe2+ 12. Kxe2 Nc6 13. Nc5 O-O-O 14. Nxb7 Kxb7 15. Rb1 Rhe8+ 16. Kf2 Nd5 17. Bc4+ Nb6 18. Be3 d5 19. Bd3 Ne5 20. Bxh7 g6 21. Bd4 Rd7 22.
Rhe1 Rxh7 23. Rxe5 Rxe5 24. Bxe5 Kc6 25. Re1 Nc4 26.
Bd4 Kd7 27. Bxa7 Rxh2 28. Bc5 Rh8 29. Re7+ Kc6 30. Bb4 Ra8 31. a3 Nxa3 32. Rg7 Nxc2 33. Rxg6+ Kb5 34. Be7 Ra2 35. g4 c5 36. Rg8 Kc4 37.
Kg3 Ne1 38. Rc8 Rg2+ 39. Kh3 Kxc3 40. Bxc5 Kd3 41. Bb4 Rc2 42. Rxc2 Nxc2 43. Ba5 Nd4 44. Kg3 Nc6 45. Bb6 Ke2 46. g5 d4 47. Bc7 d3 48.
Bf4 Ne7 49. Kg4 Ng6 50. Bc1 Ne5+ 51. Kf4 Nxf3 52. g6 Nh4 53. g7 Ng6+ 54. Kf5 Ne7+ 55. Ke6 Ng8 56. Kf7 Kd1 57. Bg5 1-0

[Event "*** Titled Tuesday Blitz"]
[Site "Chess.com"]
[Date "2019.11.05"]
[Round "3"]
[White "Recombinant"]
[Black "CzechmVIII"]
[Result "1/2-1/2"]
[WhiteElo "2331"]
[BlackElo "2104"]
[TimeControl "180+2"]
[EndTime "13:39:45 PST"]
[Termination "Game drawn by repetition"]

1. d4 Nf6 2. c4 c5 3. d5 e6 4. Nc3 exd5 5. cxd5 d6 6. Nf3 g6 7. Bf4 a6 8. a4 Bg7 9. h3 O-O 10. e3 Re8 11. Be2 Ne4 12. Nxe4 Rxe4 13. Qc2 Rb4 14.
Rb1 Bf5 15. Bd3 Bxd3 16. Qxd3 Rxa4 17. O-O Rb4 18. b3 Qe7 19. Nd2 b5 20. e4 Nd7 21.
Rfe1 Ne5 22. Qc2 Rc8 23. Be3 c4 24. bxc4 Rxb1 25. Rxb1 Nxc4 26. Rb4 Qc7 27. Nxc4 bxc4 28. Rb6 c3 29. Rxa6 Qb7 30. Ra7 Qb2 31. Ra2 Qxc2 32. Rxc2 Rb8 33. Kf1 Rb2 34. Re2 c2 35. Bc1 Ra2 36.
Ke1 Bc3+ 37. Kf1 Kg7 38. Re3 Ra1 39. Rxc3 Rxc1+ 40. Ke2 Rg1 41. Kd2 Rxg2 42. Kxc2 Rxf2+ 43. Kb3 Re2 44. Rc6 Rxe4 45. Rxd6 Re3+ 46. Kc4 Rxh3 47.
Rc6 Rh1 48. d6 Rc1+ 49. Kd5 Rd1+ 50. Kc5 h5 51. Rb6 g5 52. Rb4 Rc1+ 53. Kd5 Rc8 54. d7 Rd8 55. Kd6 g4 56. Rc4 Kg6 57. Rc8 Rxd7+ 58.
Kxd7 f5 59. Kd6 Kg5 60. Ke5 h4 61. Rg8+ Kh5 62. Kf4 h3 63. Rh8+ Kg6 64. Rg8+ Kh5 65. Rh8+ Kg6 66. Rg8+ Kh5 1/2-1/2

[Event "*** Titled Tuesday Blitz"]
[Site "Chess.com"]
[Date "2019.11.05"]
[Round "3"]
[White "liczner"]
[Black "Alex_Terzi"]
[Result "0-1"]
[WhiteElo "2791"]
[BlackElo "2511"]
[TimeControl "180+2"]
[EndTime "13:39:47 PST"]
[Termination "Alex_Terzi won by checkmate"]

1. e4 c5 2. Nf3 Nc6 3. Nc3 g6 4.
d4 cxd4 5. Nxd4 Bg7 6. Nb3 Nf6 7. Be2 O-O 8. O-O d6 9. Re1 a6 10. Bf1 b5 11. Nd5 Nxd5 12. exd5 Ne5 13. a4 Bd7 14. axb5 axb5 15. Rxa8 Qxa8 16. h3 Re8 17. c3 Nc4 18. h4 Nb6 19. Nd4 Qxd5 20. Nxb5 Qxd1 21. Rxd1 Rb8 22.
Re1 Na4 23. c4 Kf8 24. Bg5 f6 25. Bc1 Nc5 26. Bf4 Bxb5 27. cxb5 f5 28. b4 Ne4 29.
Rc1 Nc3 30. h5 Nxb5 31. Bd2 Nd4 32. h6 Bf6 33. Rc7 Nb3 34. Be1 Ke8 35. Bc4 Nd4 36.
Bg8 Kd8 37. Rc4 e5 38. Bxh7 Bg5 39. Bxg6 Bxh6 40. Kf1 Ke7 41. Bc3 Kf6 42. Bxd4 exd4 43. Bh5 Ke5 44. Ke2 Ra8 45. Rc2 Ra3 46. Rb2 d3+ 47.
Kf3 Ra1 48. Kg3 Bf4+ 49. Kf3 d2 50. g3 d1=Q+ 51. Kg2 Qh1# 0-1

[Event "*** Titled Tuesday Blitz"]
[Site "Chess.com"]
[Date "2019.11.05"]
[Round "3"]
[White "HarutyunianTigranK"]
[Black "VincentKeymer"]
[Result "1/2-1/2"]
[WhiteElo "2811"]
[BlackElo "2548"]
[TimeControl "180+2"]
[EndTime "13:39:52 PST"]
[Termination "Game drawn by agreement"]

1. c4 c6 2. Nf3 d5 3. e3 Nf6 4. Nc3 e6 5. b3 Bd6 6. Bb2 O-O 7.
d4 Nbd7 8. Be2 b6 9. O-O Bb7 10. Bd3 Qe7 11. Qe2 dxc4 12. bxc4 c5 13. Rad1 cxd4 14.
exd4 Rfe8 15. Nb5 a6 16. Nxd6 Qxd6 17. Rfe1 Rad8 18. h3 Nf8 19. Qe3 Ng6 20. Bf1 b5 21. cxb5 Nd5 22. Qa3 Qxa3 23. Bxa3 Nc3 24. bxa6 Bxf3 25.
Rd3 Ne2+ 26. Bxe2 Bxe2 27. Rxe2 Nf4 28. Red2 Nxd3 29. Rxd3 Ra8 30. Bc5 Rxa6 31. a3 Rd8 32.
Rb3 h6 33. Rb7 Rc6 34. a4 Ra6 35. Bb6 Rd5 36. a5 g5 37. g4 Kg7 38. Kg2 h5 39. Kf3 h4 40. Ke4 Rdxa5 41. Bxa5 Rxa5 42. Rb3 Ra2 43. f4 Re2+ 44. Kd3 Rg2 45. Ke4 Rg3 46. Rf3 f5+ 47. gxf5 exf5+ 48. Ke3 Kf6 49. fxg5+ Rxg5 50. Kf4 Rg1 51. Ra3 Rf1+ 52. Ke3 Re1+ 53. Kf3 Re4 54. Rd3 Ke6 55. d5+ Kd6 56. Rd2 Ra4 57. Rd3 Rb4 58. Rd2 Rb3+ 59. Kf4 Rxh3 60. Kxf5 Rg3 61. Kf4 Rg8 62. Rh2 Rh8 63. Kg4 1/2-1/2

[Event "*** Titled Tuesday Blitz"]
[Site "Chess.com"]
[Date "2019.11.05"]
[Round "3"]
[White "Vasily85"]
[Black "2nd_life"]
[Result "0-1"]
[WhiteElo "2174"]
[BlackElo "2396"]
[TimeControl "180+2"]
[EndTime "13:39:54 PST"]
[Termination "2nd_life won on time"]

1. Nf3 Nf6 2. g3 d5 3. Bg2 c6 4. O-O Bg4 5. c4 Nbd7 6. cxd5 cxd5 7. h3 Bh5 8. Nc3 e6 9. d3 Bc5 10. Bf4 O-O 11. d4 Bb4 12. Qb3 Qb6 13. Na4 Qa5 14.
a3 Be7 15. Rfc1 Bxf3 16. Bxf3 Qa6 17. Nc3 Rfc8 18. Kg2 Bd6 19. Bg5 h6 20. Bd2 Nb6 21. Nb5 Nc4 22. Nxd6 Qxd6 23. Bb4 Qb6 24. Rc3 Nd2 25.
Qd1 Rxc3 26. Bxc3 Nxf3 27. exf3 Rc8 28. Rc1 Rc4 29. Qe2 Qc7 30. h4 b6 31. Rd1 a5 32.
Qe5 Qxe5 33. dxe5 Nd7 34. f4 h5 35. Kf3 g6 36. Ke3 Nc5 37. Rd4 Nb3 38. Rxc4 dxc4 39. Ke4 Kf8 40. Bd4 b5 41. Bc3 Ke7 42. f3 Kd7 43. g4 Kc6 44. gxh5 gxh5 45. f5 Nc5+ 46.
Ke3 exf5 47. Bxa5 Ne6 48. Bc3 f4+ 49. Ke4 Kd7 50. Kf5 Ke7 51. Bd2 Ke8 52. Bxf4 Nd4+ 53. Ke4 Ne2 54. Be3 c3 55. bxc3 Nxc3+ 0-1

[Event "*** Titled Tuesday Blitz"]
[Site "Chess.com"]
[Date "2019.11.05"]
[Round "3"]
[White "Eloist"]
[Black "Ginger_GM"]
[Result "0-1"]
[WhiteElo "2181"]
[BlackElo "2485"]
[TimeControl "180+2"]
[EndTime "13:39:55 PST"]
[Termination "Ginger_GM won by resignation"]

1. e4 e6 2. d4 a6 3. c4 b5 4. cxb5 Bb7 5. Nc3 Bb4 6. Qg4 Nf6 7. Qxg7 Rg8 8. Qh6 Nxe4 9. Qxh7 Rf8 10. a3 Qf6 11. Nf3 Rh8 12. Qxh8+ Qxh8 13. axb4 Nxc3 14. bxc3 axb5 15. Rxa8 Bxa8 16. Bf4 d6 17. Bxb5+ Nd7 18. O-O Qh5 19. Be2 Nf6 20. Ra1 Be4 21. h3 Nd5 22. Bd2 Qg6 23. c4 Nf6 24. Ra5 Kd7 25. Nh4 Qh7 26. Bg5 Ne8 27. Nf3 Bb7 28. Rb5 Bc6 29. Rb8 f6 30. Be3 Be4 31. c5 Qf5 32.
Bb5+ c6 33. Rb7+ Nc7 34. Be2 e5 35. cxd6 Kxd6 36. dxe5+ fxe5 37. Bc5+ Kd7 38. Nd2 Qg6 39. Bb6 Ke6 40. Bg4+ Kd5 41. Rxc7 Bf5 42. Bxf5 Qxf5 43.
f3 Ke6 44. Ne4 Qf4 45. Rxc6+ Kd7 46. Rd6+ Ke7 47. Bc5 Qc1+ 48. Kh2 Kf7 49. Rf6+ Kg7 50. h4 Qe1 51. Kh3 Qh1+ 52. Kg3 Qe1+ 53. Kg4 Qh1 54. h5 Qxg2+ 55. Ng3 Kh7 56. Rg6 Qc2 57. Nf5 Qc4+ 58. Kg5 Qf4+ 59. Kf6 Qxf3 60. h6 Qc6+ 61. Kg5 Qxg6+ 62.
Kh4 Qxf5 0-1